 Dungeon Crawl Stone Soup version 0.21-a0-633-g4c047d5 (console) character file.

11781 removed the Schismatic (level 12, 94/94 HPs)
             Began as a Human Abyssal Knight on Dec 28, 2017.
             Was an Elder of Lugonu.
             Quit the game on level 11 of the Dungeon.
             The game lasted 00:27:25 (14838 turns).

removed the Schismatic (Human Abyssal Knight)      Turns: 14838, Time: 00:27:26

Health: 94/94      AC: 23    Str: 17    XL:     12   Next: 12%
Magic:  21/21      EV:  6    Int: 13    God:    Lugonu [****..]
Gold:   592        SH:  0    Dex: 13    Spells: 11/11 levels left

rFire    . . .     SeeInvis .   a - +2 whip (drain)
rCold    . . .     Gourm    .   (no shield)
rNeg     . . .     Faith    +   F - +0 plate armour
rPois    .         Spirit   .   u - +0 helmet
rElec    .         Reflect  .   h - +0 cloak
rCorr    .         Harm     .   K - +0 pair of gloves (curse)
MR       .....                  (no boots)
Stlth    ..........             m - amulet of faith
HPRegen  0.25/turn              N - +3 ring of protection
MPRegen  0.17/turn              r - +3 ring of protection

@: studying Short Blades, drained
A: no striking features
a: Depart the Abyss, Bend Space, Banish, Corrupt, Renounce Religion


You were on level 11 of the Dungeon.
You worshipped Lugonu.
Lugonu was greatly pleased with you.
You were not hungry.

You visited 1 branch of the dungeon, and saw 11 of its levels.
You visited the Abyss 1 time.

You collected 592 gold pieces.

Inventory:

Hand Weapons
 a - a +2 whip of draining (weapon)
 f - a +1 spear
 B - a +1 dagger of venom
 P - a cursed +0 morningstar
 V - a +0 lajatang
 Y - a +2 dagger of electrocution
Missiles
 J - a throwing net
 R - 8 javelins (quivered)
Armour
 b - a +0 leather armour
 h - a +0 cloak (worn)
 u - a +0 helmet (worn)
 x - +0 steam dragon scales
 E - a +0 scale mail
 F - a +0 plate armour (worn)
 H - a +0 robe of fire resistance
 K - a cursed +0 pair of gloves (worn)
Jewellery
 k - an uncursed ring of see invisible
 m - an amulet of faith (around neck)
 p - a cursed amulet of inaccuracy {unknown}
 r - a +3 ring of protection (right hand)
 v - an uncursed ring of protection from cold
 N - a +3 ring of protection (left hand)
 Z - an uncursed ring of ice
Wands
 t - a wand of iceblast (10)
 w - a wand of polymorph (25)
 y - a wand of random effects (52)
 M - a wand of clouds (4)
Scrolls
 i - 4 scrolls of immolation
 j - 4 scrolls of blinking
 s - 2 scrolls of magic mapping
 A - 3 scrolls of fog
 C - 4 scrolls of teleportation
 G - a scroll of random uselessness
 O - a scroll of enchant weapon
 W - 3 scrolls of remove curse
Potions
 o - 2 potions of curing
 q - 4 potions of flight
 D - 2 potions of mutation {unknown}
 I - a potion of resistance
 L - a potion of haste
 Q - a potion of cancellation
 S - a potion of agility
Books
 z - a book of Minor Magic

   Spells                             Type                      Level
   a - Magic Dart                     Conjuration                  1
   b - Blink                          Translocation                2
   c - Call Imp                       Summoning                    2
   d - Slow                           Hexes                        2
   e - Conjure Flame                  Conjuration/Fire             3
   f - Mephitic Cloud                 Conjuration/Poison/Air       3
 T - a Young Poisoner's Handbook

   Spells                             Type                      Level
   a - Sting                          Conjuration/Poison           1
   b - Poisonous Vapours              Poison/Air                   2
   c - Mephitic Cloud                 Conjuration/Poison/Air       3
   d - Olgreb's Toxic Radiance        Poison                       4
   e - Venom Bolt                     Conjuration/Poison           5
 U - a manual of Short Blades
 X - a book of Changes

   Spells                             Type                      Level
   a - Beastly Appendage              Transmutation                1
   b - Sticks to Snakes               Transmutation                2
   c - Spider Form                    Transmutation/Poison         3
   d - Ice Form                       Ice/Transmutation            4
   e - Blade Hands                    Transmutation                5
Comestibles
 c - 18 rations


   Skills:
 + Level 8.9(8.6) Fighting
 - Level 8.0(7.7) Maces & Flails
 - Level 3.1(2.9) Polearms
 - Level 8.5(8.2) Armour
 - Level 1.0(0.7) Dodging
 - Level 12.6(12.3) Invocations


You had 11 spell levels left.
You didn't know any spells.

Dungeon Overview and Level Annotations

Branches:
Dungeon (11/15)            Temple (0/1) D:7            Lair (0/6) D:8
    Orc: D:9-12

Altars:
Hepliaklqana
Kikubaaqudgha
Ru


Message History

Eating one of 4 chunks of flesh.
You eat one of the 4 chunks of flesh.
This raw flesh tastes terrible.
All of the chunks of flesh in your inventory have rotted away.
HP restored.
Things that are here:
a hand axe; a chain mail
n - a scroll labeled JAXUUS LOIGH
As you read the scroll labeled JAXUUS LOIGH, it crumbles to dust.
It is a scroll of amnesia.
You feel forgetful for a moment.
Things that are here:
a club; a ring mail
There is an open door, spattered with blood here.
Found 11 gold pieces.
You now have 592 gold pieces (gained 11).
There is an open door here.
There is an open door here.
Done exploring.
Done exploring.
Are you sure you want to abandon this character and quit the game? (Confirm with "yes".)

.......'####..................###
.#.#..........###########...>....
..............#.........#........
.#.###........#..##+#'#.#........
.....#........#..#....#.#........
.....#........#..#....#.'........
.....#........#..#....#.#........
.....#........#..#....#.#........
.)...#........#.@######.+........
###'##........#.........#........
.)............#..########........
..............####>..............
#####'####.......................
.........#.......................
.........#.................)))...
.######..#..............((((.)...
.#....#..#.........##########....


There were no monsters in sight!

Vanquished Creatures
  Erolcha (D:11)
  An unseen horror (D:9)
  Pikel (D:9)
  An ugly thing (D:11)
  The ghost of Daviar the Poker, a novice OpBe of Trog (D:5)
  A merfolk (D:9)
  3 trolls
  3 hippogriffs
  Prince Ribbit (D:8)
  Sigmund (D:5)
  A steam dragon (D:10)
  A hungry ghost (D:7)
  2 water moccasins
  8 orc warriors
  5 ice beasts
  2 sky beasts
  4 slaves (D:9)
  A black bear (D:10)
  A necrophage (D:10)
  3 ogres
  A phantom (D:5)
  9 centaurs
  3 crocodiles
  A big kobold (D:11)
  A bullfrog (D:9)
  3 wyvern zombies
  4 scorpions
  A wyvern skeleton (D:10)
  A water moccasin skeleton (D:7)
  4 killer bees (D:10)
  3 wights
  3 crimson imps
  A bullfrog zombie (D:6)
  A centaur zombie (D:8)
  6 jellies
  3 hounds
  10 orc wizards
  2 centaur skeletons (D:10)
  11 orc priests
  3 bullfrog skeletons
  4 worker ants
  2 killer bee zombies
  A hound skeleton (D:4)
  8 gnolls
  10 adders
  A shadow imp (D:7)
  An adder skeleton (D:5)
  3 worms
  A dart slug (D:2)
  7 leopard geckos
  44 orcs
  A ball python (D:3)
  4 giant cockroaches
  8 goblins
  5 hobgoblins
  6 jackals
  4 quokkas
  9 bats
  A frilled lizard (D:1)
  2 jackal skeletons
  A jackal zombie (D:4)
  16 kobolds
  A quokka skeleton (D:8)
  9 rats
262 creatures vanquished.

Vanquished Creatures (others)
  A hydra (D:11)
  A two-headed ogre (D:9)
  A tengu warrior (D:11)
  A manticore (D:10)
  An elephant (D:8)
  An orc warrior (D:8)
  A necrophage (D:6)
  An ogre (D:7)
  A wight (D:11)
9 creatures vanquished.

Grand Total: 271 creatures vanquished

Notes
Turn   | Place    | Note
-------+----------+-------------------------------------------
     0 | Abyss:1  | removed the Human Abyssal Knight began the quest for the Orb.
     0 | Abyss:1  | Reached XP level 1. HP: 18/18 MP: 2/2
     0 | D:1      | Escaped the Abyss
    86 | D:1      | Reached XP level 2. HP: 18/24 MP: 3/3
   297 | D:1      | Reached * piety under Lugonu
   297 | D:1      | Reached XP level 3. HP: 29/29 MP: 4/4
   569 | D:1      | Reached skill level 1 in Maces & Flails
  1654 | D:2      | Reached XP level 4. HP: 21/35 MP: 5/5
  1982 | D:3      | Reached ** piety under Lugonu
  1982 | D:3      | Reached skill level 3 in Invocations
  2152 | D:3      | Reached XP level 5. HP: 26/41 MP: 7/7
  3104 | D:3      | Reached skill level 4 in Invocations
  3104 | D:3      | Reached XP level 6. HP: 37/47 MP: 7/9
  3438 | D:4      | You fall through a shaft!
  3438 | D:5      | Entered Level 5 of the Dungeon
  3438 | D:5      | Found a hazy altar of Hepliaklqana.
  3438 | D:5      | Noticed a phantom
  3502 | D:5      | Killed a phantom
  3506 | D:5      | Noticed Daviar's ghost (novice OpBe)
  3528 | D:5      | Noticed Sigmund
  3741 | D:4      | Reached *** piety under Lugonu
  3799 | D:4      | Reached XP level 7. HP: 35/52 MP: 10/10
  3929 | D:4      | Reached skill level 5 in Invocations
  4648 | D:5      | Killed Daviar's ghost
  4648 | D:5      | Reached skill level 5 in Maces & Flails
  4648 | D:5      | Reached skill level 6 in Invocations
  4648 | D:5      | Reached XP level 8. HP: 21/58 MP: 10/12
  4979 | D:5      | Killed Sigmund
  5484 | D:6      | Reached skill level 7 in Invocations
  6449 | D:6      | Reached **** piety under Lugonu
  6449 | D:6      | Reached XP level 9. HP: 62/63 MP: 14/14
  6807 | D:7      | Found a sacrificial altar of Ru.
  7270 | D:7      | Found a staircase to the Ecumenical Temple.
  7674 | D:8      | Reached skill level 8 in Invocations
  7775 | D:8      | Reached skill level 5 in Fighting
  7903 | D:8      | Noticed Maurice
  7907 | D:8      | Noticed Maurice
  7907 | D:8      | Maurice changed into Maurice the worm
  7912 | D:8      | Killed Maurice the worm
  8049 | D:8      | Reached skill level 5 in Armour
  8089 | D:8      | Noticed a hippogriff
  8100 | D:8      | Killed a hippogriff
  8100 | D:8      | Reached XP level 10. HP: 73/74 MP: 16/16
  8432 | D:8      | Found a staircase to the Lair.
  8432 | D:8      | Noticed an elephant
  8440 | D:8      | Banished an elephant
  8510 | D:8      | Noticed Prince Ribbit
  8544 | D:8      | Killed Prince Ribbit
  9686 | D:9      | Noticed Pikel
  9869 | D:9      | Killed an unseen horror
  9869 | D:9      | Reached skill level 9 in Invocations
  9882 | D:9      | Killed Pikel
 10116 | D:9      | Noticed a two-headed ogre
 10117 | D:9      | Banished a two-headed ogre
 10117 | D:9      | Reached skill level 10 in Invocations
 10117 | D:9      | Reached XP level 11. HP: 84/84 MP: 18/18
 10610 | D:10     | Entered Level 10 of the Dungeon
 10613 | D:10     | Noticed a manticore
 10614 | D:10     | Banished a manticore
 10651 | D:10     | Reached skill level 11 in Invocations
 11338 | D:10     | Found an ancient bone altar of Kikubaaqudgha.
 12659 | D:11     | Noticed a six-headed hydra
 12661 | D:11     | Banished a six-headed hydra
 13017 | D:11     | Noticed Erolcha
 13548 | D:11     | Noticed a tengu warrior
 13550 | D:11     | Noticed a tengu warrior
 13552 | D:11     | Banished a tengu warrior
 13554 | D:11     | Banished a tengu warrior
 13554 | D:11     | Reached skill level 12 in Invocations
 13646 | D:11     | Noticed a purple ugly thing
 13687 | D:11     | Killed a purple ugly thing
 13857 | D:11     | Paralysed by Erolcha for 6 turns
 13883 | D:11     | Killed Erolcha
 13883 | D:11     | Reached XP level 12. HP: 59/93 MP: 21/21
 14838 | D:11     | Quit the game

Vault maps used:
D:1:      scummos_arrival_simple_fountains
D:3:      st_stairs_8, nrook_loot_triangle
D:4:      serial_forest, infiniplex_forest_clump_cross,
          infiniplex_forest_clump_long, infiniplex_forest_lined_2,
          infiniplex_forest_lined_3, infiniplex_forest_zigzag_2,
          infiniplex_forest_lined_3, infiniplex_forest_straight_2
D:5:      overflow_temple_1_default, first_ration, uniq_sigmund
D:6:      kennysheep_big_empty_room
D:7:      minmay_temple_entry_trees, basic_altar
D:8:      david_lair_generic, uniq_maurice, uniq_prince_ribbit1
D:9:      hangedman_fish_farm, uniq_pikel
D:10:     basic_altar
D:11:     hangedman_decor_riveting, uniq_erolcha

Skill      XL: |  1  2  3  4  5  6  7  8  9 10 11 |
---------------+----------------------------------+-----
Polearms       | 3 |  3.1
Maces & Flails | 1 2 3 4 5 7 8 |  8.0
Invocations    | 3 4 6 7 8 10 12 | 12.6
Armour         | 3 5 7 8 |  8.5
Fighting       | 5 7 8 |  8.9
Dodging        | |  1.0

Action                   |  1- 3 |  4- 6 |  7- 9 | 10-12 || total
-------------------------+-------+-------+-------+-------++-------
Melee: Spear             |    24 |       |       |       ||    24
       Whip              |    71 |   194 |   487 |   996 ||  1748
Invok: Depart the Abyss  |     1 |       |       |       ||     1
       Banish            |       |       |     3 |    10 ||    13
Evoke: Wand              |       |       |     1 |     1 ||     2
  Use: Scroll            |     1 |     3 |     8 |     6 ||    18
 Stab: Confused          |       |       |       |     2 ||     2
  Eat: Chunk             |     2 |     7 |    18 |    22 ||    49
       Ration            |       |       |       |     1 ||     1
Armor: Leather armour    |    35 |    66 |       |       ||   101
       Scale mail        |       |     3 |     4 |       ||     7
       Plate armour      |       |       |   250 |   762 ||  1012
Dodge: Dodged            |    53 |    79 |    94 |   251 ||   477

Table legend:
 A = Spawn XP
 B = Non-spawn XP
 C = Spawn XP percentage of total XP
 D = Spawn monster count
 E = Non-spawn monster count
 F = Spawn count percentage of total count
 G = Total turns spent on level
                    A         B        C        D         E        F      G
               +---------+---------+-------+---------+---------+-------+---------
         Total |       0 |   16830 |   0.0 |       0 |     267 |   0.0 | 14838
               +---------+---------+-------+---------+---------+-------+---------
           D:1 |       0 |      46 |   0.0 |       0 |      25 |   0.0 |  1126
           D:2 |       0 |      51 |   0.0 |       0 |      14 |   0.0 |  1086
           D:3 |       0 |     231 |   0.0 |       0 |      27 |   0.0 |  1214
           D:4 |       0 |     126 |   0.0 |       0 |      16 |   0.0 |   942
           D:5 |       0 |     921 |   0.0 |       0 |       7 |   0.0 |  1044
           D:6 |       0 |     613 |   0.0 |       0 |      26 |   0.0 |  1123
           D:7 |       0 |    1219 |   0.0 |       0 |      22 |   0.0 |  1159
           D:8 |       0 |    2620 |   0.0 |       0 |      35 |   0.0 |  1795
           D:9 |       0 |    2758 |   0.0 |       0 |      16 |   0.0 |  1121
          D:10 |       0 |    2823 |   0.0 |       0 |      35 |   0.0 |  1732
          D:11 |       0 |    5422 |   0.0 |       0 |      44 |   0.0 |  2496
               +---------+---------+-------+---------+---------+-------+---------
